 Dungeon Crawl Stone Soup version 0.19.1 (webtiles) character file.

2978 StormySan the Slicer (level 9, -4/81 HPs)
             Began as a Minotaur Berserker on Dec 7, 2016.
             Was an Elder of Trog.
             Slain by a manticore (5 damage)
             ... on level 9 of the Dungeon.
             The game lasted 00:17:24 (6478 turns).

StormySan the Slicer (Minotaur Berserker)           Turns: 6478, Time: 00:17:26

Health: -4/81      AC: 19    Str: 22 (24) XL:     9   Next: 53%
Magic:  8/8        EV:  8    Int:  1 (4)  God:    Trog [****..]
Gold:   434        SH:  0    Dex: 11 (14) Spells: 0 memorised, 8 levels left

rFire  . . .     SeeInvis .     d - +1 short sword (venom)
rCold  . . .     Gourm    .     k - +1 plate armour
rNeg   . . .     Faith    .     (no shield)
rPois  .         Spirit   .     p - +1 hat
rElec  .         Reflect  .     (no cloak)
rCorr  .         Harm     .     v - +2 pair of gloves {Dex+3}
MR     .....                    (no boots)
Stlth  ..........               (no amulet)
                                (no ring)
                                (no ring)

@: barbed spikes
A: retaliatory headbutt, horns 2
a: Berserk, Trog's Hand, Brothers in Arms, Burn Spellbooks, Renounce Religion


You were on level 9 of the Dungeon.
You worshipped Trog.
Trog was greatly pleased with you.
You were not hungry.

You visited 1 branch of the dungeon, and saw 9 of its levels.

You collected 434 gold pieces.

Inventory:

Hand Weapons
 a - a +0 hand axe
 d - a +1 short sword of venom (weapon)
Armour
 k - a +1 plate armour (worn)
 p - a +1 hat (worn)
 v - a +2 pair of gloves of dexterity (worn)
Jewellery
 y - an uncursed ring of resist corrosion {unknown}
 C - an uncursed ring of protection from cold {unknown}
Wands
 q - a wand of lightning (11/15)
 t - a wand of acid (4/15)
 A - a wand of flame (37/48)
 B - a wand of lightning (8/15)
 E - a wand of lightning (11/15)
 F - a wand of iceblast (4/15)
Scrolls
 b - 3 scrolls of teleportation
 e - 5 scrolls of identify
 i - 2 scrolls of remove curse
 j - a scroll of enchant armour
 o - 3 scrolls of fear
 w - a scroll of random uselessness {unknown}
Potions
 f - 2 potions of lignification
 m - 2 potions of haste
 n - a potion of heal wounds {unknown}
 s - 3 potions of curing
 u - 2 potions of cancellation
 x - 4 potions of might
 z - a potion of agility
Comestibles
 c - 6 bread rations
 g - a meat ration
 h - a royal jelly
 r - 3 slices of pizza
 D - 2 fruits


   Skills:
 + Level 8.1 Fighting
 + Level 8.9 Short Blades
 + Level 5.9 Axes
 + Level 8.6 Armour
 + Level 3.9 Dodging
 + Level 0.1 Stealth


You had 8 spell levels left.
You didn't know any spells.

Dungeon Overview and Level Annotations

Branches:
Dungeon (9/15)             Temple (0/1) D:6
   Lair: D:8-11         Orc: D:9-12

Altars:
Ashenzari
Cheibriados
Dithmenos
Elyvilon
Gozag
Kikubaaqudgha
Makhleb
Nemelex Xobeh
Okawaru
Ru
Zin
The Shining One

Shops:
D:5 *   D:9 }


Innate Abilities, Weirdness & Mutations

You reflexively headbutt those who attack you in melee.
You have a pair of horns on your head.


Message History

It was a potion of cancellation.
Your magical effects are unravelling.
You feel magically purged.
Your magical contamination has completely faded away.
You feel less woody.
Your +1 hat unmelds from your body.
Your +2 pair of gloves of dexterity unmelds from your body.
Your +1 plate armour unmelds from your body.
You feel agile.
You feel yourself slow down.
You feel a little less mighty now. The manticore barely misses you.
The manticore claws you but does no damage. x2
It was a potion of degeneration.
There was something very wrong with that liquid.
You feel weakened.
You feel dopey.
You feel clumsy. The manticore bites you.
* * * LOW HITPOINT WARNING * * *
The manticore claws you but does no damage.
The manticore claws you.
You die...

###### ##### #....#####
#...# #........# #...#
#.######.# #...# ..#
#.#####...#####.. ..#
#........@H...... ..#
#................
..######....#######.....
...<...?....# ....
#####.......# #+#
#.......+ #.......#
#.......#+####
#............


You could see a manticore.

Vanquished Creatures
  The ghost of Vajrapani the Cleaver, a novice DDFi of Trog (D:8)
  A hippogriff (D:7)
  Edmund (D:4)
  Duvessa (D:7)
  3 ogres
  An orc warrior (D:6)
  An ice beast (D:8)
  A phantom (D:5)
  A necrophage (D:6)
  2 centaurs
  A big kobold (D:8)
  5 bullfrogs
  Dowan (D:7)
  2 scorpions
  A wyvern zombie (D:6)
  2 howler monkeys (D:7)
  2 jellies
  A centaur zombie (D:6)
  A quasit (D:7)
  An orc priest (D:6)
  2 hounds
  2 orc wizards
  2 centaur skeletons
  An iguana (D:7)
  3 worker ants
  A killer bee zombie (D:5)
  A worker ant zombie (D:8)
  4 gnolls (D:6)
  5 adders
  2 shadow imps
  An adder zombie (D:5)
  An adder skeleton (D:5)
  2 worms
  4 dart slugs
  20 orcs
  3 ball pythons
  10 giant cockroaches
  5 goblins
  4 hobgoblins
  5 jackals
  11 kobolds
  4 quokkas
  5 bats
  6 frilled lizards
  A leopard gecko skeleton (D:4)
  2 quokka skeletons
  4 rats
141 creatures vanquished.

Notes
Turn   | Place    | Note
-------+----------+-------------------------------------------
     0 | D:1      | StormySan the Minotaur Berserker began the quest for the Orb.
     0 | D:1      | Reached XP level 1. HP: 19/19 MP: 0/0
   171 | D:1      | Reached XP level 2. HP: 27/27 MP: 1/1
   691 | D:2      | Reached XP level 3. HP: 33/33 MP: 2/2
   926 | D:2      | Reached ** piety under Trog
  1350 | D:3      | Reached XP level 4. HP: 37/41 MP: 3/3
  1872 | D:4      | Reached skill level 5 in Axes
  1872 | D:4      | Reached XP level 5. HP: 43/47 MP: 4/4
  1876 | D:4      | Reached skill level 5 in Fighting
  2021 | D:4      | Found a sparkling altar of Nemelex Xobeh.
  2235 | D:4      | Noticed Edmund
  2254 | D:4      | Killed Edmund
  2254 | D:4      | Reached skill level 1 in Short Blades
  2254 | D:4      | Reached XP level 6. HP: 43/56 MP: 5/5
  2419 | D:4      | Found a sacrificial altar of Ru.
  2419 | D:4      | Found a white marble altar of Elyvilon.
  2424 | D:4      | Found a faded altar of an unknown god.
  2426 | D:4      | Found a burning altar of Makhleb.
  2428 | D:4      | Found a glowing silver altar of Zin.
  2747 | D:4      | Reached *** piety under Trog
  3159 | D:5      | Entered Level 5 of the Dungeon
  3159 | D:5      | Found Ygiucim's Assorted Antiques.
  3389 | D:5      | Reached XP level 7. HP: 62/62 MP: 6/6
  3597 | D:5      | Reached skill level 5 in Armour
  3925 | D:6      | Reached skill level 5 in Short Blades
  4106 | D:6      | Reached XP level 8. HP: 49/71 MP: 7/7
  4454 | D:6      | Found a staircase to the Ecumenical Temple.
  4872 | D:7      | Reached **** piety under Trog
  4915 | D:7      | Noticed Dowan
  4916 | D:7      | Noticed Duvessa
  4931 | D:7      | Killed Duvessa
  4935 | D:7      | Killed Dowan
  5071 | D:7      | Found a sparkling altar of Nemelex Xobeh.
  5237 | D:7      | Found a shadowy altar of Dithmenos.
  5237 | D:7      | Noticed a hippogriff
  5266 | D:7      | Killed a hippogriff
  5274 | D:7      | Reached XP level 9. HP: 66/79 MP: 8/8
  5286 | D:7      | Found an ancient bone altar of Kikubaaqudgha.
  5286 | D:7      | Found a shattered altar of Ashenzari.
  5286 | D:7      | Found a glowing golden altar of the Shining One.
  5293 | D:7      | Found an iron altar of Okawaru.
  5297 | D:7      | Found an opulent altar of Gozag.
  5558 | D:8      | Found a snail-covered altar of Cheibriados.
  5579 | D:8      | Noticed Vajrapani's ghost (novice DDFi)
  5595 | D:8      | Killed Vajrapani's ghost
  6316 | D:9      | Found Putog's Gadget Shop.
  6464 | D:9      | Noticed a manticore
  6476 | D:9      | HP: 3/121 [manticore (6)]
  6478 | D:9      | HP: 1/81 [manticore (1)]
  6478 | D:9      | Slain by a manticore

Skill      XL: |  1  2  3  4  5  6  7  8  9 |
---------------+----------------------------+-----
Axes           | 4 5 |  5.9
Fighting       | 4 5 6 7 8 |  8.1
Armour         | 3 4 5 7 8 |  8.6
Short Blades   | 1 2 5 7 8 |  8.9
Dodging        | 3 |  3.9
Stealth        | |  0.1

Action                   |  1- 3 |  4- 6 |  7- 9 || total
-------------------------+-------+-------+-------++-------
Melee: Hand axe          |    48 |       |       ||    48
       Headbutt          |    12 |    26 |    82 ||   120
       Short sword       |    32 |    97 |   277 ||   406
Invok: Berserk           |       |     1 |     1 ||     2
       Trog's Hand       |       |       |     2 ||     2
       Burn Spellbooks   |       |       |     1 ||     1
  Use: Potion            |     2 |       |     5 ||     7
       Scroll            |       |     7 |     4 ||    11
  Eat: Chunk             |     1 |     3 |       ||     4
       Meat ration       |       |     1 |     2 ||     3
       Beef jerky        |       |       |     1 ||     1
Armor: Animal skin       |     9 |       |       ||     9
       Plate armour      |    32 |    47 |   153 ||   232
       Skin              |       |       |     3 ||     3
Dodge: Dodged            |    39 |    27 |   104 ||   170
